 Dungeon Crawl Stone Soup version 0.29.1-15-g9cfb28693d (webtiles) character file.

Game seed: 5038593518472122736

1581431 Midpoint the Slayer (level 27, 153/186 HPs)
             Began as a Kobold Brigand on Mar 12, 2023.
             Was an Elder of Wu Jian.
             Escaped with the Orb
             ... and 3 runes on Mar 15, 2023!
             The game lasted 12:40:20 (73124 turns).

Midpoint the Slayer (Kobold Brigand)               Turns: 73124, Time: 12:40:20

Health: 153/186    AC: 18    Str: 12    XL:     27
Magic:  37/37      EV: 35    Int: 16    God:    Wu Jian [****..]
Gold:   3555       SH:  4    Dex: 23    Spells: 1/46 levels left

rFire   x . .      SeeInvis .   O - +7 captain's cutlass {speed, disarm}
rCold   + + +      Faith    .   (no shield)
rNeg    + + +      Spirit   +   Q - +4 Cigotuvi's embrace {rMiasma Drain rN+}
rPois   +          Reflect  .   (no helmet)
rElec   +          Harm     .   j - +2 cloak
rCorr   +          Rampage  .   p - +2 pair of gloves
Will    +++..                   R - +2 pair of boots
Stlth   +++.......              P - amulet of guardian spirit
HPRegen 0.41/turn               T - ring "Heofynk" {Fly rElec rF- rC+++ rN++}
MPRegen 0.25/turn               G - ring of Lady Luck {Drain rPois rC+ Will+ rCorr}

@: flying, studying 2 skills
A: small, no large weapons, nightstalker 3, large bone plates 1
0: Orb of Zot
}: 3/15 runes: barnacled, slimy, gossamer
a: Renounce Religion, Wall Jump, Serpent's Lash


You escaped.
You worshipped Wu Jian.
Wu Jian was greatly pleased with you.
You visited 11 branches of the dungeon, and saw 54 of its levels.
You also visited: Sewer.

You collected 6618 gold pieces.
You spent 3063 gold pieces at shops.

Inventory:

Hand Weapons
 a - a +9 spectral quick blade
 b - the +6 arbalest "Damnation" {damnation}
   (You acquired it on level 12 of the Dungeon)

   Any ammunition fired from it explodes in a burst of damnation on striking a
   foe, dealing damage which bypasses armour.
 i - the +4 rapier of Bucsorhoh {antimagic, rN+}
   (You found it on level 5 of the Pits of Slime)

   It reduces the magical energy of the wielder, and disrupts the spells and
   magical abilities of those it strikes.
   Natural abilities and divine invocations are not affected.
   rN:        It protects you from negative energy.
 s - a +4 hand crossbow of freezing
 O - the +7 captain's cutlass (weapon) {speed, disarm}
   (You found it on level 1 of the Vaults)

   Attacks with this weapon are significantly faster.
   It may disarm weapon-wielding foes when striking them, dealing extra damage
   in the process.
Missiles
 e - 13 curare-tipped darts
 v - 20 atropa-tipped darts
 x - 7 throwing nets
Armour
 j - a +2 cloak (worn)
 p - a +2 pair of gloves (worn)
 r - the +2 robe of the Hills {Regen+ Archmagi}
   (You found it on level 4 of the Lair of Beasts)

   Regen:     It increases your rate of health regeneration.
   Archmagi:  It increases the power of your magical spells.
 N - the +0 faerie dragon scales {Regen+ rCorr MP-9 Dex+8 Stlth+}
   (You took it off the Enchantress on level 2 of the Depths)

   Dex:       It affects your dexterity (+8).
   MP:        It affects your magic capacity (-9).
   Regen:     It increases your rate of health regeneration.
   rCorr:     It protects you from acid and corrosion.
   Stlth:     It makes you more stealthy.
 Q - the +4 Cigotuvi's embrace (worn) {rMiasma Drain rN+}
   (You found it on level 9 of the Dungeon)

   It gathers nearby corpses to temporarily increase the armour it provides.
   It protects you from foul pestilence.
   rN:        It protects you from negative energy.
   Drain:     It drains your maximum health when unequipped.
 R - a +2 pair of boots (worn)
 W - the +1 helmet "Ehaxi" {+Inv rF+ Stlth+}
   (You bought it in a shop on level 3 of the Vaults)

   rF:        It protects you from fire.
   +Inv:      It lets you turn invisible.
   Stlth:     It makes you more stealthy.
Jewellery
 c - a ring of protection from fire
 k - a +4 ring of slaying
 n - the ring of the Tortoise {AC+8}
   (You found it on level 5 of the Pits of Slime)

   [ring of protection]

   AC:        It affects your AC (+8).
 z - the ring of the Hare {EV+8}
   (You found it on level 5 of the Pits of Slime)

   [ring of evasion]

   EV:        It affects your evasion (+8).
 B - the ring of Vaiwkoes {rPois rC- rCorr Int-5 Slay+4}
   (You found it on level 1 of the Depths)

   [ring of slaying]

   Int:       It affects your intelligence (-5).
   Slay:      It affects your accuracy & damage with ranged weapons and melee
   (+4).
   rC:        It makes you vulnerable to cold.
   rPois:     It protects you from poison.
   rCorr:     It protects you from acid and corrosion.
 G - the ring of Lady Luck (right hand) {Drain rPois rC+ Will+ rCorr}
   (You took it off a deep elf knight on level 3 of the Elven Halls)

   [ring of protection from cold]

   rC:        It protects you from cold.
   rPois:     It protects you from poison.
   rCorr:     It protects you from acid and corrosion.
   Drain:     It drains your maximum health when unequipped.
   Will:      It increases your willpower.
 K - the ring of Jeiqom {rN+ Will+ EV+4}
   (You found it on level 2 of the Realm of Zot)

   [ring of evasion]

   EV:        It affects your evasion (+4).
   rN:        It protects you from negative energy.
   Will:      It increases your willpower.
 P - an amulet of guardian spirit (around neck)
 T - the ring "Heofynk" (left hand) {Fly rElec rF- rC+++ rN++}
   (You found it on level 2 of the Realm of Zot)

   [ring of flight]

   rF:        It makes you vulnerable to fire.
   rC:        It renders you almost immune to cold.
   rElec:     It insulates you from electricity.
   rN:        It greatly protects you from negative energy.
   Fly:       It grants you flight.
 V - a ring of see invisible
 X - an amulet of the acrobat
Wands
 o - a wand of quicksilver (14)
 y - a wand of iceblast (34)
 S - a wand of digging (6)
Scrolls
 h - 5 scrolls of fog
 l - 6 scrolls of teleportation
 m - 14 scrolls of vulnerability
 u - 2 scrolls of silence
 L - 3 scrolls of fear
Potions
 f - 7 potions of might
 g - 13 potions of curing
 t - 18 potions of brilliance
 w - 9 potions of ambrosia
 C - 4 potions of magic
 D - 5 potions of mutation
 H - 7 potions of lignification
 I - a potion of heal wounds
 M - 3 potions of resistance
 U - 3 potions of cancellation
Miscellaneous
 d - a phial of floods (inert)
 q - a tin of tremorstones (1/2)
 A - a box of beasts (inert)
 E - a condenser vane
 J - a lightning rod (4/4)
 Y - a phantom mirror (inert)


   Skills:
 * Level 22.9 Fighting
 + Level 14.8 Short Blades
 - Level 18.0 Ranged Weapons
 - Level 4.0 Throwing
 - Level 8.0 Armour
 + Level 22.4 Dodging
 + Level 19.9 Stealth
 - Level 10.4 Spellcasting
 - Level 3.0 Conjurations
 - Level 12.0 Hexes
 + Level 4.7 Summonings
 + Level 15.7 Translocations
 - Level 12.6 Transmutations
 - Level 3.0 Air Magic
 - Level 8.0 Earth Magic
 - Level 8.0 Poison Magic
 - Level 15.9 Evocations


You had one spell level left.
You knew the following spells:

 Your Spells              Type           Power      Damage    Failure   Level
a - Apportation           Tloc           100%       N/A       0%          1
b - Mephitic Cloud        Conj/Pois/Air  23%        N/A       4%          3
c - Olgreb's Toxic Radia  Pois           33%        N/A       4%          4
d - Petrify               Tmut/Erth      41%        N/A       1%          4
e - Yara's Violent Unrav  Hex/Tmut       23%        3d10      1%          5
f - Tukima's Dance        Hex            46%        N/A       1%          3
g - Dazzling Flash        Conj/Hex       64%        N/A       1%          3
h - Leda's Liquefaction   Hex/Erth       20%        N/A       1%          4
i - Portal Projectile     Hex/Tloc       100%       N/A       1%          3
j - Passage of Golubria   Tloc           55%        N/A       1%          4
k - Dispersal             Tloc           27%        N/A       2%          6
l - Summon Forest         Summ/Tloc      20%        N/A       4%          5

Your spell library contained the following spells:

 Spells                   Type           Power      Damage    Failure   Level
 Summon Small Mammal      Summ           92%        N/A       1%          1
 Magic Dart               Conj           68%        1d6       3%          1
 Shock                    Conj/Air       68%        1d7       3%          1
 Necrotise                Necr           32%        1d5       11%         1
 Poisonous Vapours        Pois/Air       50%        N/A       1%          2
 Gell's Gravitas          Tloc           55%        N/A       1%          3
 Ignite Poison            Fire/Tmut/Pois 30%        N/A       1%          3
 Lesser Beckoning         Tloc           55%        N/A       1%          3
 Spider Form              Tmut/Pois      41%        N/A       1%          3
 Teleport Other           Tloc           55%        N/A       1%          3
 Blade Hands              Tmut           24%        N/A       1%          5
 Call Imp                 Summ           23%        N/A       2%          2
 Iskenderun's Mystic Bla  Conj/Tloc      38%        2d9       2%          4
 Searing Ray              Conj           34%        2d5       4%          2
 Call Canine Familiar     Summ           23%        N/A       4%          3
 Fulminant Prism          Conj/Hex       16%        3d11      4%          4
 Animate Armour           Summ/Erth      56%        N/A       8%          4
 Ice Form                 Ice/Tmut       28%        N/A       8%          4
 Swiftness                Air            17%        N/A       10%         3
 Lee's Rapid Deconstruct  Erth           16%        3d11*     11%         5
 Conjure Flame            Conj/Fire      13%        6-21      17%         3
 Summon Lightning Spire   Summ/Air       20%        N/A       22%         4
 Corpse Rot               Necr/Pois/Air  20%        N/A       24%         4
 Eringya's Noxious Bog    Tmut/Pois      20%        N/A       24%         6
 Statue Form              Tmut/Erth      27%        N/A       24%         6
 Metabolic Englaciation   Hex/Ice        13%        N/A       26%         5
 Airstrike                Air            8%         2d(2-18)  30%         4
 Frozen Ramparts          Ice            16%        1d3       32%         3
 Ozocubu's Armour         Ice            8%         N/A       32%         3
 Vampiric Draining        Necr           8%         2d6       32%         3
 Summon Ice Beast         Ice/Summ       15%        N/A       38%         4
 Hailstorm                Conj/Ice       13%        3d5       50%         4
 Sticky Flame             Conj/Fire      13%        2d4       50%         4
 Iskenderun's Battlesphe  Conj           17%        2d7       65%         5
 Lightning Bolt           Conj/Air       8%         1d21      65%         5
 Dispel Undead            Necr           8%         3d8       71%         4
 Disjunction              Tloc           27%        N/A       73%         8
 Fireball                 Conj/Fire      6%         3d5       85%         5
 Iron Shot                Conj/Erth      12%        9d3       86%         6
 Agony                    Necr           8%         N/A       96%         5
 Death Channel            Necr           4%         N/A       100%        6
 Starburst                Conj/Fire      6%         6d4       100%        6
 Ozocubu's Refrigeration  Ice            4%         4d8       100%        7
 Spellforged Servitor     Conj/Summ      10%        N/A       100%        7
 Ignition                 Fire           4%         3d4       100%        8


Dungeon Overview and Level Annotations

Branches:
Dungeon (15/15)            Temple (0/1) D:5            Lair (5/5) D:9
 Shoals (4/4) Lair:2       Spider (4/4) Lair:3        Slime (5/5) Lair:5
    Orc (2/2) D:11            Elf (3/3) Orc:2        Vaults (4/5) D:14
  Crypt (3/3) Vaults:3       Tomb (0/3) Crypt:3      Depths (4/4) D:15
    Zot (5/5) Depths:4      Sewer (visited)

Altars:
Ashenzari
Dithmenos
Elyvilon
Fedhas
Gozag
Hepliaklqana
Kikubaaqudgha
Nemelex Xobeh
Sif Muna
Trog
Vehumet
Wu Jian
Yredelemnul
The Shining One
Jiyva
Lugonu

Shops:
D:2 =   D:7 ?   D:11 (   Orc:2 (((?!   Elf:1 =   Shoals:4 =   Vaults:1 [
Vaults:3 **[   Vaults:4 (   Depths:2 *

Portals:
Hell: Depths:1 Depths:2 Depths:3
Abyss: Depths:2 Depths:3
Pandemonium: Depths:1 Depths:2
Ziggurat: Depths:1

Annotations:
Spider:2 1 runed translucent door
Vaults:3 6 runed doors, exclusion: 3 doors
Crypt:1 Josephina


Innate Abilities, Weirdness & Mutations

You are small and have problems with some larger weapons.
You are completely attuned to the shadows.
You are partially covered in large bone plates. (SH +4)


Message History

There is a stone staircase leading down here.
A Hell Sentinel comes into view.
As you read the scroll of summoning, it crumbles to dust.
Wisps of shadow whirl around you... The Hell Sentinel gestures at you.
The sphere of damnation explodes!
The damnation engulfs your hobgoblin!!
Your hobgoblin dies!
Your hobgoblin's corpse dissolves into shadows!
The damnation engulfs the Hell Sentinel.
The Hell Sentinel completely resists.
The damnation engulfs your jackal!!
Your jackal dies!
Your jackal's corpse dissolves into shadows!
The damnation engulfs your frilled lizard!!
Your frilled lizard dies!
Your frilled lizard's corpse dissolves into shadows!
A damnation appears from out of your range of vision.
The sphere of damnation explodes!
The damnation engulfs your jackal!!
Your jackal dies!
Your jackal's corpse dissolves into shadows!
The damnation engulfs your bat!!
Your bat dies!
Your bat's corpse dissolves into shadows!
That's the wrong kind of item! (Use * to select it.) Evoke which item? (* to show all) (? for menu, Esc to quit)
That's the wrong kind of item! (Use * to select it.) Evoke which item? (* to show all) (? for menu, Esc to quit)
Aiming: Dig
Press: ? - help, Shift-Dir - straight line A rock wall.
This square is covered in magical glow.
The rock shatters into small pieces.
You're wearing all the rings you can.
Remove which one? (? for menu, Esc to cancel) < or
k - a +4 ring of slaying > or
G - the ring of Lady Luck {Drain rPois rC+ Will+ rCorr} You remove your +4 ring of slaying.
You fly up into the air.
T - the ring "Heofynk" (left hand) {Fly rElec rF- rC+++ rN++}
There is a staircase leading out of the dungeon here.
You have escaped!

..# #.# #######
####.#....... ..# #.# ###
#..####### ..# #.#
###§≈≈≈≈≈#####.######## ..#
#.###≈§≈§≈≈§§≈§##..# #.....
#######.##≈§≈≈§#§≈§≈≈≈.#.#
#.....
........##≈§≈≈≈§§≈≈#≈≈##.#
#.....
######.##§≈#≈≈§§§§≈≈≈≈§#.#
#.....
#.##§≈≈≈≈####§§≈≈≈#.#
#.....
######§.'§......@#≈≈≈≈≈#.#
#.....
....###.§.......>#§§≈≈≈#.#
#..... ###.#
###§§≈≈≈####§§§§≈#.###....)
.##.# #§§#≈§≈§ #.........
....# ##≈§§≈≈≈§ #.........
.#########≈≈≈≈≈#≈
#......... ........#
#......... #######.#
#.........
........##########
#..####.##


There were no monsters in sight!

Vanquished Creatures
  the Royal Jelly (Slime:5)
  3 dread liches
  An ancient lich (Zot:5)
  4 orbs of fire (Zot:5)
  Mara (Elf:3)
  Frederick (Vaults:4)
  Saint Roka (Elf:3)
  A pandemonium lord (D:10)
  2 caustic shrikes (Depths:3)
  8 golden dragons
  A profane servitor (D:9)
  the Enchantress (Depths:2)
  A bone dragon (Depths:4)
  A Brimstone Fiend (D:4)
  10 tentacled monstrosities
  Rupert (Spider:1)
  Zenata (Crypt:1)
  An electric golem (Zot:5)
  2 deep elf master archers (Elf:3)
  22 Orb Guardians
  2 deep elf blademasters (Elf:3)
  A walking frostbound tome (Depths:4)
  4 liches
  23 acid blobs
  3 quicksilver dragons
  8 death cobs
  2 sphinxes (Depths:3)
  3 tengu reavers
  6 shadow dragons
  4 draconian monks
  11 storm dragons
  6 draconian knights
  A revenant (Crypt:2)
  8 azure jellies
  9 rockslimes
  Ilsuiw (Shoals:4)
  6 frost giants
  4 fire giants
  5 emperor scorpions
  3 curse skulls
  6 ghost moths
  Aizul (Crypt:1)
  2 deep elf sorcerers
  3 iron dragons
  3 ghouls
  6 draconian scorchers
  4 deep elf elementalists (Elf:3)
  15 ironbound preservers
  Louise (Elf:3)
  A spectral juggernaut (Depths:3)
  10 vault wardens
  A caustic shrike skeleton (Crypt:2)
  5 draconian shifters
  8 draconian stormcallers
  11 stone giants
  22 very ugly things
  A broodmother (Spider:3)
  11 quicksilver oozes
  4 draconian annihilators
  5 spriggan defenders
  12 green draconians
  6 ironbound thunderhulks
  The ghost of Seidenschwarz the Protected, a journeyman MiFi of Okawaru (Lair:5)
  4 deep elf annihilators
  6 vampire knights
  4 deep elf demonologists (Elf:3)
  11 black draconians
  5 red draconians
  5 entropy weavers
  9 yellow draconians
  7 spark wasps
  10 white draconians
  A green death (D:12)
  4 eidola
  14 purple draconians
  4 jiangshi (Crypt:1)
  Snorg (D:11)
  9 deep elf death magi
  10 ettins
  13 fire dragons
  3 merfolk javelineers (Shoals:4)
  2 deep elf high priests (Elf:3)
  8 merfolk impalers
  A spriggan zombie (Crypt:1)
  13 great orbs of eyes
  3 yaktaur captains
  A jorogumo (Spider:1)
  A radroach (Spider:3)
  A fenstrider witch zombie (Crypt:1)
  7 rakshasas
  A catoblepas (Lair:5)
  7 vault guards
  7 centaur warriors
  Harold (Lair:2)
  9 spriggan air magi
  9 ice dragons
  16 hydras
  4 merfolk aquamancers (Shoals:4)
  An alligator snapping turtle (Shoals:4)
  2 merfolk avatars
  3 death knights
  3 ogre magi
  12 two-headed ogres
  12 ironbound frosthearts
  12 boulder beetles
  2 deep troll shamans (Depths:2)
  6 tengu warriors
  5 vampire magi
  A hell hog (D:15)
  A satyr (Shoals:4)
  A two-headed ogre (shapeshifter) (Depths:4)
  22 dancing weapons
  A shock serpent (shapeshifter) (Depths:3)
  18 hell knights
  11 spriggan berserkers
  7 deep troll earth magi
  A sun demon (Depths:2)
  2 orc high priests (Orc:2)
  A soul eater (Crypt:2)
  15 deep elf knights
  5 iron trolls
  A shadow wraith (Crypt:2)
  4 flayed ghosts
  7 pharaoh ants
  7 skeletal warriors (Crypt:2)
  4 glowing orange brains
  5 steelbarb worms
  9 sea snakes
  A death drake (Zot:2)
  2 swamp dragons (Zot:2)
  8 orb spiders
  3 bog bodies
  44 deep trolls
  2 spriggan simulacra
  9 deep elf archers
  4 lindwurms (Vaults:2)
  An anaconda skeleton (Crypt:1)
  A glowing orange brain (shapeshifter) (Depths:4)
  16 ironbound convokers
  4 phantasmal warriors (Crypt:1)
  3 wizards
  8 necromancers
  Pikel (D:5)
  3 orc sorcerers
  30 deep elf pyromancers
  A shadow dragon zombie (Crypt:2)
  An oklob plant (Lair:4)
  3 large abominations (Depths:2)
  3 orc knights
  11 harpies
  20 deep elf zephyrmancers
  13 fauns
  17 wolf spiders
  7 cyclopes
  23 moths of wrath
  20 manticores
  126 slime creatures
  21 ugly things
  5 elephants (Lair:3)
  5 black mambas (Lair:5)
  16 merfolk sirens
  6 shining eyes
  2 centaur zombies
  23 vault sentinels
  A guardian serpent (Lair:5)
  Maurice (D:11)
  5 torpor snails
  3 water nymphs
  An elf zombie (Vaults:4)
  4 centaur skeletons
  A smoke demon (D:12)
  Joseph (D:7)
  A storm dragon simulacrum (Crypt:2)
  2 gargoyles (D:12)
  3 eyes of devastation
  Maggie (Lair:2)
  Psyche (D:11)
  A rime drake (Lair:4)
  16 cane toads
  10 demonic crawlers
  A yaktaur (shapeshifter) (D:14)
  A bunyip simulacrum (Crypt:2)
  18 yaktaurs
  A kobold demonologist (D:13)
  2 efreet
  5 tengu conjurers
  9 komodo dragons
  A freezing wraith (D:15)
  2 ice devils
  3 hellwings (D:9)
  An anaconda simulacrum (Crypt:1)
  A human skeleton (Vaults:4)
  A red draconian skeleton (Crypt:2)
  2 orb spider zombies (Crypt:2)
  A sea snake skeleton (Crypt:3)
  2 queen bees (shapeshifter)
  A pale draconian skeleton (Crypt:2)
  A harpy zombie (Crypt:1)
  14 trolls
  23 merfolk
  16 hornets
  6 polar bears
  A hornet (shapeshifter) (Depths:3)
  22 tarantellas
  2 snapping turtles (Shoals:4)
  10 wind drakes
  11 dream sheep
  24 blink frogs
  26 jumping spiders
  Sigmund (D:3)
  4 flying skulls (Crypt:1)
  2 shadows
  A jumping spider (shapeshifter) (D:14)
  24 culicivoras
  A dire elephant simulacrum (Crypt:2)
  A black mamba zombie (Crypt:1)
  9 spriggans
  A naga simulacrum (Crypt:2)
  2 wraiths (Crypt:1)
  16 wyverns
  4 water elementals
  A vampire (D:10)
  2 fire elementals (Elf:2)
  28 yaks
  A human (shapeshifter) (D:14)
  52 redbacks
  2 basilisks
  10 golden eyes
  3 vampire mosquitoes (D:12)
  4 chaos spawn (Depths:2)
  A steam dragon (D:9)
  7 wargs
  Duvessa (D:6)
  An acid dragon (D:12)
  10 water moccasins
  5 floating eyes
  12 orc warriors
  A two-headed ogre skeleton (Crypt:3)
  8 small abominations (Depths:2)
  2 sky beasts
  5 black bears (Lair:1)
  An ice beast (D:7)
  A merfolk skeleton (Crypt:1)
  22 ogres
  3 centaurs
  A shining eye zombie (Crypt:1)
  A swamp dragon zombie (Crypt:1)
  5 boggarts (Vaults:2)
  12 wolves
  A lemure (D:5)
  3 kobold brigands
  A cyclops zombie (Crypt:1)
  7 necrophages
  9 bullfrogs
  An earth elemental (Elf:1)
  4 gnoll sergeants
  A scorpion (D:6)
  5 wights (D:8)
  Dowan (D:6)
  3 killer bees (D:10)
  2 human simulacra (Vaults:4)
  A shapeshifter skeleton (Crypt:1)
  6 electric eels
  2 howler monkeys
  A black bear zombie (Crypt:1)
  2 jellies (D:7)
  4 gnoll boudas
  9 orc priests
  6 hounds
  Jessica (D:3)
  Terence (D:3)
  13 orc wizards
  7 hell rats (Lair:3)
  A deep dwarf zombie (Crypt:2)
  A killer bee zombie (Crypt:1)
  29 gnolls
  5 adders
  3 river rats (D:5)
  3 shadow imps
  2 ufetubi
  2 worms (D:5)
  38 orcs
  4 bats
  5 endoplasms
  2 giant cockroaches
  6 goblins
  3 hobgoblins
  3 jackals (D:5)
  2 quokkas
  7 ball pythons
  4 frilled lizards
  A jackal skeleton (Crypt:2)
  31 kobolds
  8 rats
  A plant (Shoals:4)
1948 creatures vanquished.

Vanquished Creatures (collateral kills)
  An acid blob (Slime:5)
  An azure jelly (Slime:5)
  A quicksilver ooze (Slime:5)
  A purple draconian (Depths:4)
  A jiangshi (Crypt:2)
  A spriggan berserker (Depths:1)
6 creatures vanquished.

Vanquished Creatures (others)
  A ghost moth (Spider:4)
  A vampire knight (Depths:3)
  A deep elf annihilator (Elf:3)
  A spriggan berserker (Depths:3)
  A deep elf knight (Elf:2)
  A pharaoh ant (Spider:2)
  A deep elf pyromancer (Elf:3)
  A cyclops (Shoals:3)
  A water nymph (Shoals:4)
  A hornet (Depths:4)
  An orc warrior (Elf:3)
  An orc wizard (Elf:3)
  An orc (Elf:3)
  4 bushes (D:11)
  A butterfly (D:11)
  18 fungi
  96 plants
  3 snaplasher vines (Zot:4)
135 creatures vanquished.

Grand Total: 2089 creatures vanquished

Notes
Turn   | Place    | Note
-------+----------+-------------------------------------------
     0 | D:1      | Midpoint the Kobold Brigand began the quest for the Orb.
     0 | D:1      | Reached XP level 1. HP: 12/12 MP: 1/1
   143 | D:1      | Reached XP level 2. HP: 18/18 MP: 2/2
   908 | D:1      | Reached XP level 3. HP: 22/22 MP: 3/3
  1332 | D:2      | Found Oruel's Jewellery Emporium.
  2176 | D:3      | Noticed Sigmund
  2407 | D:3      | Found an opulent altar of Gozag.
  2454 | D:3      | Noticed Jessica
  2512 | D:3      | Noticed a golden eye
  2512 | D:3      | Noticed an eye of devastation
  2513 | D:3      | Found a faded altar of an unknown god.
  2522 | D:3      | Noticed a great orb of eyes
  2522 | D:3      | Noticed a golden eye
  2724 | D:3      | Reached XP level 4. HP: 27/27 MP: 4/4
  2896 | D:4      | Noticed a necrophage
  3049 | D:4      | Got the Parchment of the Viperous Grave
  3136 | D:4      | Found a hazy altar of Hepliaklqana.
  3139 | D:4      | Found a faded altar of an unknown god.
  3140 | D:4      | Found a bloodstained altar of Trog.
  3141 | D:4      | Found an ornate altar of the Wu Jian Council.
  3146 | D:4      | Found a shadowy altar of Dithmenos.
  3166 | D:4      | Became a worshipper of the Wu Jian Council
  3242 | D:4      | Noticed a necrophage
  3245 | D:4      | Killed a necrophage
  3246 | D:4      | Reached skill level 1 in Armour
  3246 | D:4      | Reached XP level 5. HP: 32/32 MP: 5/5
  3510 | D:5      | Entered Level 5 of the Dungeon
  3590 | D:5      | Found a staircase to the Ecumenical Temple.
  3621 | D:5      | Reached skill level 5 in Short Blades
  3670 | D:5      | Reached XP level 6. HP: 20/37 MP: 6/6
  3885 | D:5      | Found a glowing drain.
  3895 | Sewer    | Entered a sewer
  4072 | Sewer    | Reached * piety under Wu Jian
  4346 | D:5      | Reached XP level 7. HP: 42/42 MP: 7/7
  4533 | D:5      | Noticed Pikel
  4739 | D:5      | Found a sparkling altar of Nemelex Xobeh.
  5338 | D:6      | Reached XP level 8. HP: 48/48 MP: 8/8
  5383 | D:6      | Reached ** piety under Wu Jian
  5523 | D:6      | Found a shimmering blue altar of Sif Muna.
  5676 | D:6      | Reached skill level 5 in Fighting
  5707 | D:6      | Noticed Duvessa
  5726 | D:6      | Noticed Dowan
  5955 | D:7      | Found a broken altar of Ashenzari.
  6047 | D:7      | Identified the +6 quarterstaff of Theory {vamp, rF+ rC- rN+
                  | rCorr}
  6152 | D:7      | Found a basalt altar of Yredelemnul.
  6283 | D:7      | Reached XP level 9. HP: 54/54 MP: 9/9
  6289 | D:7      | Found Ehaoquc's Magic Scroll Shop.
  6466 | D:7      | Reached skill level 5 in Dodging
  6603 | D:7      | Noticed Joseph
  6606 | D:7      | Killed Joseph
  6607 | D:7      | Reached skill level 10 in Short Blades
  7454 | D:8      | Learned a level 1 spell: Apportation
  7458 | D:8      | Learned a level 3 spell: Mephitic Cloud
  7463 | D:8      | Learned a level 4 spell: Olgreb's Toxic Radiance
  7517 | D:8      | Reached *** piety under Wu Jian
  7926 | D:7      | Bought a scroll of brand weapon for 142 gold pieces
  7931 | D:7      | Bought a scroll of identify for 30 gold pieces
  7931 | D:7      | Bought a scroll of identify for 30 gold pieces
  7931 | D:7      | Bought a scroll of identify for 30 gold pieces
  7932 | D:7      | Identified a scroll of acquirement
  7935 | D:7      | Acquired a manual of Fighting
  8571 | D:6      | Killed Duvessa
  8572 | D:6      | Reached XP level 10. HP: 58/61 MP: 10/10
  8572 | D:6      | Killed Dowan
  8620 | D:5      | Killed Pikel
  8621 | D:5      | Reached skill level 10 in Stealth
  8896 | D:3      | Noticed Terence
  8896 | D:3      | Killed Jessica
  8897 | D:3      | Reached skill level 1 in Ranged Weapons
  8902 | D:3      | Killed Terence
  9001 | D:3      | Killed Sigmund
 10639 | D:9      | Found a staircase to the Lair.
 10945 | D:10     | Entered Level 10 of the Dungeon
 11227 | D:10     | Found a blossoming altar of Fedhas.
 11242 | D:10     | Noticed a two-headed ogre
 11282 | D:9      | Reached skill level 10 in Fighting
 11282 | D:9      | Reached skill level 5 in Ranged Weapons
 11282 | D:9      | Reached XP level 11. HP: 71/72 MP: 11/11
 11312 | D:9      | Reached skill level 1 in Evocations
 11385 | D:9      | Found the +4 Cigotuvi's embrace {rMiasma Drain rN+}
 12083 | Lair:1   | Entered Level 1 of the Lair of Beasts
 12101 | Lair:1   | Noticed a six-headed hydra
 12104 | Lair:1   | Killed a six-headed hydra
 12357 | Lair:1   | Reached **** piety under Wu Jian
 12538 | Lair:1   | Reached XP level 12. HP: 84/84 MP: 12/12
 12757 | Lair:1   | Noticed a five-headed hydra
 12759 | Lair:1   | Killed a five-headed hydra
 13219 | Lair:2   | Noticed Harold
 13222 | Lair:2   | Killed Harold
 13281 | Lair:2   | Noticed a six-headed hydra
 13284 | Lair:2   | Killed a six-headed hydra
 13334 | Lair:2   | Reached skill level 10 in Dodging
 13440 | Lair:2   | Noticed Maggie
 13485 | Lair:2   | You fall into a shaft and drop 2 floors!
 13587 | Lair:3   | Reached skill level 1 in Poison Magic
 13603 | Lair:3   | Reached skill level 15 in Fighting
 13603 | Lair:3   | Reached skill level 10 in Ranged Weapons
 13858 | Lair:3   | Noticed a five-headed hydra
 13884 | Lair:3   | Reached XP level 13. HP: 70/92 MP: 13/13
 13885 | Lair:3   | Killed a five-headed hydra
 13986 | Lair:3   | Identified the +2 scale mail of the Elephant {Will+}
 14273 | Lair:3   | Noticed a seven-headed hydra
 14343 | Lair:2   | Killed Maggie
 14718 | Lair:4   | Noticed a boulder beetle
 14728 | Lair:4   | Killed a boulder beetle
 14729 | Lair:4   | Reached skill level 5 in Evocations
 15256 | Lair:4   | Identified the +2 robe of the Hills {Regen+ Archmagi}
 15567 | Lair:5   | Entered Level 5 of the Lair of Beasts
 15748 | Lair:5   | Noticed a catoblepas
 15751 | Lair:5   | Killed a catoblepas
 15840 | Lair:5   | Noticed a four-headed hydra
 15843 | Lair:5   | Killed a four-headed hydra
 15864 | Lair:5   | Reached ***** piety under Wu Jian
 15889 | Lair:5   | Found a runed translucent gate.
 15889 | Lair:5   | Found a runed translucent gate.
 15963 | Lair:5   | Reached XP level 14. HP: 94/100 MP: 14/14
 16054 | Lair:5   | Reached skill level 1 in Translocations
 16067 | Lair:5   | Reached skill level 1 in Spellcasting
 16115 | Lair:5   | Found a staircase to the Slime Pits.
 16123 | Lair:5   | Reached skill level 1 in Conjurations
 16179 | Lair:5   | Reached skill level 1 in Air Magic
 16323 | Lair:5   | Found a runed translucent gate.
 16329 | Lair:5   | Noticed Seidenschwarz's ghost (journeyman MiFi)
 16842 | Lair:3   | Found a hole to the Spider Nest.
 17060 | D:10     | Found a radiant altar of Vehumet.
 17062 | D:10     | Found a glowing golden altar of the Shining One.
 18287 | D:11     | Noticed Snorg
 18301 | D:11     | Killed Snorg
 18423 | D:11     | Found Ysosmydu's Weapon Emporium.
 18447 | D:11     | Noticed Psyche
 18450 | D:11     | Killed Psyche
 18462 | D:11     | Reached skill level 5 in Poison Magic
 18465 | D:11     | Noticed Maurice
 18484 | D:11     | Killed Maurice
 18696 | D:11     | Found a staircase to the Orcish Mines.
 19240 | D:12     | Acquired a +5 quick blade
 19241 | D:12     | Acquired the +6 arbalest "Damnation" {damnation}
 19241 | D:12     | Found the +6 arbalest "Damnation" {damnation}
 20484 | D:13     | Reached XP level 15. HP: 86/96 MP: 19/19
 21006 | Orc:1    | Entered Level 1 of the Orcish Mines
 21483 | Orc:2    | Entered Level 2 of the Orcish Mines
 21522 | Orc:2    | Found Dureik's Antique Weapon Emporium.
 21697 | Orc:2    | Noticed a stone giant
 22738 | D:11     | Found a white marble altar of Elyvilon.
 23082 | D:14     | You fall into a shaft and drop 1 floor!
 23082 | D:15     | Entered Level 15 of the Dungeon
 24320 | D:15     | Identified the +1 robe of Ogrolea {rC+ rN+ Int-2}
 24532 | D:15     | Reached skill level 15 in Ranged Weapons
 25128 | D:14     | Found a gate to the Vaults.
 25283 | D:15     | Noticed a green very ugly thing
 25640 | D:15     | Killed a white very ugly thing
 25641 | D:15     | Reached XP level 16. HP: 110/110 MP: 20/20
 25725 | D:15     | Reached skill level 15 in Dodging
 25725 | D:15     | Reached skill level 10 in Evocations
 25731 | D:15     | Found a staircase to the Depths.
 26445 | Orc:2    | Found a staircase to the Elven Halls.
 26487 | Orc:2    | Found Jeig Xoaf's Weapon Boutique.
 26497 | Orc:2    | Found Ostilasi's Magic Scroll Shoppe.
 26500 | Orc:2    | Found Buxkiuba's Antique Weapon Boutique.
 26520 | Orc:2    | Found Uxenk's Distillery.
 26525 | Orc:2    | Bought a potion of lignification for 36 gold pieces
 26530 | Orc:2    | Bought a scroll of brand weapon for 133 gold pieces
 26530 | Orc:2    | Bought a scroll of fog for 56 gold pieces
 26530 | Orc:2    | Bought a scroll of fog for 56 gold pieces
 26531 | Orc:2    | Bought a scroll of identify for 28 gold pieces
 26531 | Orc:2    | Bought a scroll of identify for 28 gold pieces
 26531 | Orc:2    | Bought a scroll of identify for 28 gold pieces
 26855 | Spider:1 | Entered Level 1 of the Spider Nest
 26871 | Spider:1 | Noticed Rupert
 26952 | Lair:2   | Found a staircase to the Shoals.
 26982 | Shoals:1 | Entered Level 1 of the Shoals
 28471 | Shoals:3 | Reached XP level 17. HP: 57/112 MP: 21/23
 29495 | Spider:1 | Killed Rupert
 29586 | Spider:1 | Reached ****** piety under Wu Jian
 30595 | Spider:1 | Identified the ring of Teelahit {rElec rPois rF- EV+4}
 32284 | Spider:2 | Found a runed translucent door.
 33197 | Spider:3 | Reached skill level 15 in Evocations
 33197 | Spider:3 | Reached XP level 18. HP: 101/111 MP: 21/24
 33419 | Spider:4 | Entered Level 4 of the Spider Nest
 34347 | Spider:4 | Reached skill level 5 in Armour
 34417 | Spider:4 | Got a gossamer rune of Zot
 34749 | Shoals:4 | Entered Level 4 of the Shoals
 34871 | Shoals:4 | Noticed Ilsuiw
 34882 | Shoals:4 | Killed Ilsuiw
 34893 | Shoals:4 | Reached skill level 15 in Stealth
 35222 | Shoals:4 | Identified the +4 lajatang "Wialasom" {vamp, rElec rF-
                  | Str+3}
 35422 | Shoals:4 | Learned a level 4 spell: Petrify
 35457 | Shoals:4 | Reached XP level 19. HP: 95/111 MP: 25/25
 35461 | Shoals:4 | Got a barnacled rune of Zot
 35536 | Shoals:4 | Reached skill level 1 in Transmutations
 35536 | Shoals:4 | Reached skill level 1 in Earth Magic
 35537 | Shoals:4 | Got the Precepts of the Assembled Assassin
 35580 | Shoals:4 | Found Liunke's Jewellery Shoppe.
 35588 | Shoals:4 | Bought a ring of protection from fire for 325 gold pieces
 36077 | Elf:1    | Entered Level 1 of the Elven Halls
 36435 | Elf:1    | Got the Meditations on Conjuration
 36444 | Elf:1    | Learned a level 5 spell: Yara's Violent Unravelling
 36448 | Elf:1    | Learned a level 3 spell: Tukima's Dance
 36504 | Elf:1    | Found Yrojicibiu's Jewellery Shop.
 37107 | Elf:2    | Reached skill level 1 in Hexes
 37357 | Elf:2    | Found a huge runed translucent gate.
 37357 | Elf:2    | Found a huge runed translucent gate.
 37520 | Elf:2    | Found a huge runed translucent gate.
 37522 | Elf:2    | Found a huge runed translucent gate.
 37524 | Elf:2    | Found a huge runed translucent gate.
 37884 | Elf:3    | Entered Level 3 of the Elven Halls
 38102 | Elf:3    | Noticed Mara
 38110 | Elf:3    | Noticed Midpoint's illusion
 38161 | Elf:3    | Noticed a deep elf blademaster
 38166 | Elf:3    | Killed Mara
 38581 | Elf:3    | Reached XP level 20. HP: 136/136 MP: 26/26
 38642 | Elf:3    | Noticed Louise
 38647 | Elf:3    | Killed Louise
 38650 | Elf:3    | Noticed Saint Roka
 38658 | Elf:3    | Killed Saint Roka
 38659 | Elf:3    | Reached skill level 5 in Transmutations
 38659 | Elf:3    | Reached skill level 5 in Earth Magic
 38795 | Elf:3    | Identified the ring of Lady Luck {Drain rPois rC+ Will+
                  | rCorr}
 39493 | Elf:3    | Identified the +1 scimitar "Monie" {flame, Drain rElec
                  | Dex+2}
 39728 | Elf:3    | Identified the amulet of Ylier {Spirit Str+2}
 39933 | Elf:3    | Got the Treatise on Lethal Transmigration
 40025 | Elf:3    | Learned a level 3 spell: Dazzling Flash
 40030 | Elf:3    | Learned a level 4 spell: Leda's Liquefaction
 40061 | Elf:3    | Identified the +7 flail "Konwetaq" {spect, rC+ Int+4}
 40766 | Vaults:1 | Entered Level 1 of the Vaults
 41063 | Vaults:1 | Found Sauh's Armour Emporium.
 41156 | Vaults:1 | Reached skill level 5 in Spellcasting
 41472 | Vaults:1 | Reached skill level 5 in Hexes
 41691 | Vaults:1 | Reached XP level 21. HP: 108/141 MP: 11/29
 41844 | Vaults:1 | You fall into a shaft and drop 1 floor!
 42002 | Vaults:1 | Found the +7 captain's cutlass {speed, disarm}
 42019 | Vaults:1 | Learned a level 3 spell: Portal Projectile
 43861 | Vaults:3 | Found a staircase to the Crypt.
 43861 | Vaults:3 | Found a basalt altar of Yredelemnul.
 43861 | Vaults:3 | Found an ancient bone altar of Kikubaaqudgha.
 44266 | Vaults:3 | Found Efoasuh's Assorted Antiques.
 44277 | Vaults:3 | Bought a transparent steel ring for 210 gold pieces
 44277 | Vaults:3 | Identified the ring "Joathu" {Ice Stlth+} (You bought it in
                  | a shop on level 3 of the Vaults)
 44277 | Vaults:3 | Bought a glowing helmet for 315 gold pieces
 44426 | Vaults:3 | Reached skill level 10 in Transmutations
 44554 | Vaults:3 | Found Mikhli Ihufae's Antique Armour Shoppe.
 44557 | Vaults:3 | Found Zaapol's General Store.
 44565 | Vaults:3 | Bought a distressingly furry helmet for 380 gold pieces
 44565 | Vaults:3 | Identified the +1 helmet "Ehaxi" {+Inv rF+ Stlth+} (You
                  | bought it in a shop on level 3 of the Vaults)
 44565 | Vaults:3 | Bought a pair of runed gloves for 300 gold pieces
 44581 | Vaults:3 | Bought a +4 ring of slaying for 936 gold pieces
 44899 | Vaults:3 | Found a huge runed gate.
 44899 | Vaults:3 | Found a huge runed gate.
 44900 | Vaults:3 | Found a huge runed gate.
 44900 | Vaults:3 | Found a huge runed gate.
 44901 | Vaults:3 | Found a huge runed gate.
 44901 | Vaults:3 | Found a huge runed gate.
 45523 | Vaults:4 | Reached XP level 22. HP: 147/147 MP: 32/32
 45552 | Vaults:4 | Identified the +0 leather armour "Acinoop" {+Inv rPois
                  | Dex+3}
 45619 | Vaults:4 | Noticed Frederick
 45632 | Vaults:4 | Killed Frederick
 45664 | Vaults:4 | Found Suronkeree's Antique Weapon Emporium.
 46582 | Vaults:4 | Learned a level 4 spell: Passage of Golubria
 47053 | Depths:1 | Entered Level 1 of the Depths
 47054 | Depths:1 | Identified the ring of Vaiwkoes {rPois rC- rCorr Int-5
                  | Slay+4}
 47655 | Slime:1  | Entered Level 1 of the Pits of Slime
 49638 | Slime:3  | Reached skill level 5 in Translocations
 50469 | Slime:4  | Gained mutation: You occasionally lose the ability to read
                  | scrolls when taking damage. [a shining eye]
 50512 | Slime:5  | Entered Level 5 of the Pits of Slime
 50608 | Slime:5  | Reached XP level 23. HP: 146/152 MP: 33/33
 50802 | Slime:5  | Noticed the Royal Jelly
 51071 | Slime:5  | Found a viscous altar of Jiyva.
 51071 | Slime:5  | Found the ring of the Tortoise {AC+8}
 51649 | Slime:5  | Found the ring of the Hare {EV+8}
 51747 | Slime:5  | Killed the Royal Jelly
 52073 | Slime:5  | Identified the +4 rapier of Bucsorhoh {antimagic, rN+}
 52075 | Slime:5  | Identified the +9 war axe of Premature Burial {venom, rF+
                  | rC+ Dex+2}
 52121 | Slime:5  | Identified the +7 plate armour "Kurchay" {Will+ rCorr SInv}
 52123 | Slime:5  | Got a slimy rune of Zot
 52172 | Slime:5  | Identified the +8 halberd of Hiunaomettar {protect, rPois
                  | Str+2 Int+4 Stlth-}
 52181 | Slime:5  | Identified the +0 robe of the Saviour {Rampage rC- Stlth+}
 52395 | Lair:5   | Killed Seidenschwarz's ghost
 52939 | Crypt:1  | Entered Level 1 of the Crypt
 53704 | Crypt:1  | Noticed Zenata
 53710 | Crypt:1  | Killed Zenata
 53869 | Crypt:1  | Noticed Aizul
 53895 | Crypt:1  | Killed Aizul
 54665 | Crypt:2  | Identified the ring of Noon {Ice Str+3}
 54665 | Crypt:2  | Noticed Josephina
 54677 | Crypt:1  | HP: 7/144 [Josephina/staff of cold (7)]
 55780 | Crypt:3  | Entered Level 3 of the Crypt
 57109 | Crypt:2  | Lost mutation: You occasionally lose the ability to read
                  | scrolls when taking damage. [potion of mutation]
 57109 | Crypt:2  | Gained mutation: You occasionally lose the ability to drink
                  | potions when taking damage. [potion of mutation]
 57109 | Crypt:2  | Lost mutation: You occasionally lose the ability to drink
                  | potions when taking damage. [potion of mutation]
 57109 | Crypt:2  | Gained mutation: You are weak. (Str -2) [potion of
                  | mutation]
 57668 | Depths:1 | Found a gateway to Hell.
 58225 | Depths:1 | Reached skill level 10 in Translocations
 58565 | Depths:1 | Reached XP level 24. HP: 129/151 MP: 29/34
 58817 | Depths:1 | Found a one-way gate leading to the halls of Pandemonium.
 58840 | Depths:1 | Found a one-way gateway to a ziggurat.
 59071 | Depths:2 | Found Itud Tynt's Assorted Antiques.
 61492 | Depths:3 | Learned a level 6 spell: Dispersal
 61722 | Depths:2 | Noticed the Enchantress
 61725 | Depths:2 | Killed the Enchantress
 62609 | Depths:2 | Found a one-way gate to the infinite horrors of the Abyss.
 62791 | Depths:3 | Noticed a caustic shrike
 62794 | Depths:3 | Killed a caustic shrike
 62828 | Depths:3 | Noticed a caustic shrike
 62831 | Depths:3 | Killed a caustic shrike
 62847 | Depths:3 | Reached XP level 25. HP: 91/165 MP: 28/36
 63143 | Depths:3 | Found a corrupted altar of Lugonu.
 63564 | Depths:3 | Found a basalt altar of Yredelemnul.
 63777 | Depths:4 | Entered Level 4 of the Depths
 65370 | Depths:4 | Found a gate to the Realm of Zot.
 65613 | Zot:1    | Entered Level 1 of the Realm of Zot
 66358 | Zot:2    | Reached skill level 10 in Hexes
 66638 | Zot:2    | Noticed a curse toe
 66640 | Zot:2    | Reached XP level 26. HP: 134/165 MP: 35/36
 67370 | Zot:2    | Noticed a dread lich
 67372 | Zot:2    | Killed a dread lich
 67406 | Zot:2    | Noticed a dread lich
 67408 | Zot:2    | Killed a dread lich
 68724 | Zot:2    | Reached skill level 10 in Spellcasting
 68733 | Zot:2    | Identified the ring of Jeiqom {rN+ Will+ EV+4}
 68735 | Zot:2    | Identified the ring "Heofynk" {Fly rElec rF- rC+++ rN++}
 69020 | Zot:2    | Identified the +4 long sword of Conih {vamp, Stlth+}
 69273 | Zot:3    | Noticed a Killer Klown
 69273 | Zot:3    | Noticed a Killer Klown
 70498 | Zot:5    | Entered Level 5 of the Realm of Zot
 70744 | Zot:4    | Reached skill level 15 in Translocations
 70754 | Zot:3    | Learned a level 5 spell: Summon Forest
 70819 | Zot:4    | Got the Essays on Forceful Earth
 70837 | Zot:4    | Reached skill level 1 in Summonings
 71004 | Zot:4    | Reached XP level 27. HP: 75/184 MP: 10/37
 71535 | Zot:5    | Noticed an orb of fire
 71539 | Zot:5    | Killed an orb of fire
 72368 | Zot:5    | Noticed an ancient lich
 72373 | Zot:5    | Killed an ancient lich
 72409 | Zot:5    | Noticed an orb of fire
 72409 | Zot:5    | Noticed a dread lich
 72419 | Zot:5    | Killed a dread lich
 72421 | Zot:5    | Gained mutation: You are frail. (-10% HP) [an orb of fire]
 72425 | Zot:5    | Killed an orb of fire
 72428 | Zot:5    | Noticed an orb of fire
 72428 | Zot:5    | Noticed an orb of fire
 72430 | Zot:5    | Gained mutation: You sometimes lose your temper in combat.
                  | [an orb of fire]
 72432 | Zot:5    | Killed an orb of fire
 72434 | Zot:5    | Killed an orb of fire
 72453 | Zot:5    | Noticed a Killer Klown
 72457 | Zot:5    | Got the Orb of Zot
 72835 | D:10     | Noticed Guomidgh the pandemonium lord
 72855 | D:10     | Noticed Vomi Hu Ixo the pandemonium lord
 72868 | D:10     | Killed Vomi Hu Ixo the pandemonium lord
 72872 | D:10     | Lost mutation: You are frail. (-10% HP) [potion of
                  | mutation]
 72872 | D:10     | Lost mutation: You are weak. (Str -2) [potion of mutation]
 72872 | D:10     | Gained mutation: You have a pair of small horns on your
                  | head. [potion of mutation]
 72872 | D:10     | Gained mutation: You are weak. (Str -2) [potion of
                  | mutation]
 72873 | D:10     | Lost mutation: You sometimes lose your temper in combat.
                  | [potion of mutation]
 72873 | D:10     | Lost mutation: You have a pair of small horns on your head.
                  | [potion of mutation]
 72873 | D:10     | Gained mutation: Your magical capacity is low. (-10% MP)
                  | [potion of mutation]
 72873 | D:10     | Gained mutation: Armour fits poorly on your strangely
                  | shaped body. [potion of mutation]
 72873 | D:10     | Gained mutation: Your spells are a little harder to cast,
                  | but a little more powerful. [potion of mutation]
 72874 | D:10     | Lost mutation: You are weak. (Str -2) [potion of mutation]
 72874 | D:10     | Lost mutation: Your magical capacity is low. (-10% MP)
                  | [potion of mutation]
 72874 | D:10     | Lost mutation: Armour fits poorly on your strangely shaped
                  | body. [potion of mutation]
 72874 | D:10     | Lost mutation: Your spells are a little harder to cast, but
                  | a little more powerful. [potion of mutation]
 72874 | D:10     | Gained mutation: You are partially covered in large bone
                  | plates. (SH +4) [potion of mutation]
 72877 | D:10     | Noticed a seraph
 73049 | D:4      | Noticed Poang the pandemonium lord
 73124 | D:$      | Escaped with the Orb!

Illustrated notes

Levels and vault maps discovered:
D:1:      lightli_molten_gateway, layout_basic, st_stairs_12
D:2:      layout_basic, serial_shops, shop_fountains,
          dreamdust_princess_corridor, minmay_shallow_snake_nest
D:3:      layout_basic, grunt_gozag_breadcrumbs,
          hellmonk_ecumenical_altar_watching_god,
          chequers_serial_rivers_micro_d, uniq_sigmund, uniq_terence,
          uniq_jessica
D:4:      layout_loops_ring, chequers_temple_overflow_minitemple
D:5:      layout_loops_corners, nemelex_xobeh_ov_fountains_minmay,
          minmay_temple_entry_waves, lightli_sewer_entry_pipes, uniq_pikel
D:6:      layout_rooms, overflow_temple_1_default, uniq_duvessa
D:7:      layout_basic, lemuel_tele_altar, lemuel_crystal_altar, serial_shops,
          nicolae_take_the_stairs, uniq_joseph
D:8:      layout_cave_pods
D:9:      layout_layer_cave, erik_lair_island, hellmonk_guarded_unrand_cigotuvi
D:10:     layout_stronghold, lemuel_crystal_altar,
          mainiacjoe_overflow_divided_tiny, serial_co_window_serial,
          co_window_paths_b, co_window_corner_a, co_window_paths_a,
          co_window_paths_b, co_window_paths_a, co_window_unsneaky_path_e,
          co_window_cross_4, co_window_corner_b, co_window_cross_3,
          co_window_cross_2, co_window_corner_cb, co_window_paths_d,
          glass_columns_a, glass_columns_b, glass_columns_b, glass_columns_c,
          glass_columns_b
D:11:     layout_roguey, orc_0_dummy, serial_shops, shop_coins,
          nicolae_elyvilon_peaceful_grove, uniq_snorg, uniq_maurice, uniq_psyche
D:12:     layout_loops_ring
D:13:     layout_basic
D:14:     layout_loops_ring, skrybe_vaults_entry_preservation,
          kennysheep_doodads
D:15:     gammafunk_enter_depths_forms, layout_long_grid, minivault_23
Lair:1:   beast_lair_carwin_large_3, layout_cave_pods, grunt_megastairs_5,
          infiniplex_staircase_pool_2, serial_bayou_shore_a,
          serial_bayou_shore_b
Lair:2:   layout_concentric_octagons, minmay_shoals_entry_lonely_mermaid,
          uniq_maggie, uniq_harold
Lair:3:   layout_roguey, spider_nest_entry_webs
Lair:4:   layout_cave_pods
Lair:5:   hangedman_lair_tendril_chambers, layout_layer_cave, slime_entry_1,
          gammafunk_ghost_hydra_chop
Shoals:1: layout_shoals, nicolae_shoals_lost_giant_hut
Shoals:2: layout_shoals
Shoals:3: layout_shoals
Shoals:4: shoals_end_simple, layout_shoals, shoals_ilsuiw_ice, serial_shops,
          nicolae_shop_crystal
Spider:1: layout_spider_delve, nicolae_spider_nook, uniq_rupert
Spider:2: cheibrodos_spider_deadly_dance
Spider:3: layout_spider_delve, nicolae_spider_stair_cavern
Spider:4: spider_rune_water
Slime:1:  layout_caves
Slime:2:  layout_caves
Slime:3:  layout_caves
Slime:4:  cheibrodos_slime_lost_civilization_10, layout_caves
Slime:5
Orc:1:    layout_caves, serial_shops
Orc:2:    st_orc_open, layout_caves, serial_shops, nicolae_shop_hallway_stairs
Elf:1:    layout_geoelf_diagonals, serial_shops, nicolae_shop_waterfront,
          minmay_elf_annihilation
Elf:2:    elven_hall_of_blades_hangedman_alternative
          [nicolae_vaults_blade_armed_guards], layout_loops_cross,
          lemuel_elevator
Elf:3:    grunt_elf_hall_spiral, layout_loops_corners, uniq_louise,
          uniq_saint_roka, uniq_mara
Vaults:1: v_misc_9, v_misc_16, nicolae_vaults_twisting_passages,
          vaults_mumra_hex, vaults_room_ringed_pool,
          nicolae_vaults_stairing_the_circle, v_alt_pattern_3,
          hangedman_vaults_impose, nicolae_vaults_ring_of_whatevers,
          dpeg_vaults_monster_box, nicolae_vaults_mini_display_case,
          layout_vaults_omnibox, serial_shops,
          nicolae_shop_competitors_out_of_business
Vaults:2: nicolae_vaults_holding_cells, hangedman_vaults_capsules, v_pattern_4,
          ontoclasm_vaults_ring_large, v_rooms_3, nicolae_vaults_little_ls,
          hangedman_vaults_hat, v_misc_16, vaults_dpeg_emergency_exit,
          nicolae_vaults_alarming, layout_vaults_big_cross
Vaults:3: hangedman_vaults_maws, v_rooms_2, door_vault, v_misc_24,
          nicolae_vaults_triangles, ontoclasm_vaults_decontamination,
          nicolae_vaults_little_squares_2, layout_vaults_quadrants,
          minmay_crypt_entry_necro_gods, serial_shops, nicolae_shop_waterfront,
          shop, shop
Vaults:4: v_misc_27, hangedman_vaults_nails, nicolae_vaults_specimen_jars,
          hangedman_vaults_stretched_pinwheel, grunt_vaults_funnel,
          vaults_mumra_chevron, vaults_room_pools, vaults_dpeg_diagonal,
          hangedman_vaults_river_flow, nicolae_vaults_little_squares_5,
          vaults_room_corners, v_pattern_5, ontoclasm_vaults_idyll,
          vaults_room_hangedman_quadrants, ontoclasm_vaults_ring_large,
          nicolae_vaults_rhombus_6, ontoclasm_vaults_tryst, layout_vaults_ring,
          serial_shops, nicolae_shop_stone, uniq_frederick
Crypt:1:  layout_regular_city, uniq_zenata, uniq_aizul
Crypt:2:  layout_gridlike, uniq_margery, uniq_josephina
Crypt:3:  david_glass_crypt, layout_gridlike,
          minmay_guarded_unrand_skullcrusher, uniq_boris
Depths:1: layout_basic, enter_ziggurat_a, serial_rivers,
          chequers_serial_rivers_marsh, chequers_serial_rivers_small_a,
          chequers_serial_rivers_small_3, chequers_serial_rivers_small_3,
          chequers_serial_rivers_micro_e, chequers_serial_rivers_marsh,
          hell_entry, rand_demon_pan_entry_5, drop_trap, evilmike_ambush
          [evilmike_ambush_outer_basic, evilmike_ambush_inner_basic]
Depths:2: kennysheep_bubbly, layout_cave_pools, hangedman_geh_valley,
          minmay_misc_feat_diagonals, pan_entry, minmay_room_of_horrors,
          serial_shops, nicolae_stop_n_shop_1, grunt_potential, uniq_enchantress
Depths:3: minmay_curly_fans, layout_basic, corexii_corridor_pit,
          grunt_metal_band, abyss_entry_flame_altar, drop_trap,
          yredelemnul_forgotten_temple_becter
Depths:4: grunt_x_marks_the_spot, layout_basic, pf_coc_iceberg,
          roderic_lattice_a, lightli_fourway_metalbox
Zot:1:    layout_twisted_circle
Zot:2:    hellmonk_paralyzer, layout_gridlike, st_small_dragon_hoard_3,
          hangedman_swamp_dais
Zot:3:    dreamdust_zin_vs_xom, layout_basic
Zot:4:    layout_misc_corridors
Zot:5:    layout_twisted_circle

Skill      XL: |  1  2  3  4  5  6  7  8  9 10 11 12 13 14 15 16 17 18 19 20 21 22 23 24 25 26 27 |
---------------+----------------------------------------------------------------------------------+-----
Short Blades   | 3 4 5 7 9 11 12 14 | 14.8
Fighting       | 3 4 5 6 10 13 15 16 17 18 19 20 22 | 22.9
Armour         | 1 2 4 5 7 8 |  8.0
Stealth        | 6 7 8 11 12 13 15 17 18 19 | 19.9
Dodging        | 2 4 6 8 10 12 13 14 16 18 19 20 22 | 22.4
Ranged Weapons | 5 7 10 12 13 15 16 18 | 18.0
Throwing       | 4 |  4.0
Evocations     | 2 4 6 9 11 15 | 15.9
Poison Magic   | 2 4 5 6 8 |  8.0
Translocations | 3 6 10 12 14 15 | 15.7
Spellcasting   | 3 4 5 7 9 10 | 10.4
Conjurations   | 3 |  3.0
Air Magic      | 3 |  3.0
Transmutations | 4 8 10 12 | 12.6
Earth Magic    | 4 5 7 8 |  8.0
Hexes          | 2 5 7 8 9 10 11 12 | 12.0
Summonings     | 1 4 |  4.7

Action                   |  1- 3 |  4- 6 |  7- 9 | 10-12 | 13-15 | 16-18 | 19-21 | 22-24 | 25-27 || total
-------------------------+-------+-------+-------+-------+-------+-------+-------+-------+-------++-------
Melee: Dagger            |    74 |    76 |       |       |       |       |       |       |       ||   150
       Punch             |       |     1 |     1 |     8 |    22 |    39 |    27 |    51 |    41 ||   190
       Short sword       |       |     6 |   246 |   647 |   982 |   434 |    65 |       |       ||  2380
       Quick blade       |       |       |       |       |   378 |  1735 |   908 |  1466 |   421 ||  4908
       Cutlass           |       |       |       |       |       |       |   315 |  1407 |  1045 ||  2767
 Fire: Hand crossbow     |       |       |     4 |    13 |    21 |     2 |       |    82 |   146 ||   268
       Arbalest          |       |       |       |       |    87 |   164 |   107 |   192 |     2 ||   552
Throw: Dart              |     2 |    15 |    16 |     4 |    14 |     3 |       |     1 |       ||    55
       Throwing net      |       |       |       |     1 |     5 |       |       |       |       ||     6
 Cast: Apportation       |       |       |       |       |     4 |     9 |    20 |    24 |    21 ||    78
       Mephitic Cloud    |       |       |       |       |     3 |       |    23 |    19 |       ||    45
       Olgreb's Toxic Ra |       |       |       |       |       |     4 |     4 |     1 |       ||     9
       Petrify           |       |       |       |       |       |       |     6 |    34 |     6 ||    46
       Dazzling Flash    |       |       |       |       |       |       |     5 |     3 |    10 ||    18
       Tukima's Dance    |       |       |       |       |       |       |     1 |       |       ||     1
       Leda's Liquefacti |       |       |       |       |       |       |       |     8 |    13 ||    21
       Portal Projectile |       |       |       |       |       |       |       |     5 |       ||     5
       Passage of Golubr |       |       |       |       |       |       |       |    10 |     1 ||    11
       Yara's Violent Un |       |       |       |       |       |       |       |     1 |     5 ||     6
       Dispersal         |       |       |       |       |       |       |       |     1 |    15 ||    16
       Summon Forest     |       |       |       |       |       |       |       |       |     1 ||     1
Invok: Lunge             |       |    20 |    41 |    42 |    85 |    94 |   130 |   116 |    93 ||   621
       Whirlwind         |       |     4 |    21 |   174 |   472 |   590 |   297 |   790 |   325 ||  2673
       Serpent's Lash    |       |       |     1 |    11 |    28 |    16 |    13 |    43 |    49 ||   161
       Heavenly Storm    |       |       |       |       |       |       |       |     1 |     1 ||     2
 Abil: Wall Jump         |       |       |     2 |     4 |     3 |     2 |     1 |     5 |    25 ||    42
       Evoke Invisibilit |       |       |       |       |     1 |    16 |     8 |     8 |     8 ||    41
Evoke: Wand              |       |       |       |     2 |     2 |     5 |       |       |     6 ||    15
       Phial of floods   |       |       |       |       |       |       |       |     4 |     1 ||     5
       Box of beasts     |       |       |       |       |       |       |       |     3 |     2 ||     5
       Phantom mirror    |       |       |       |       |       |       |       |     2 |     1 ||     3
       Tin of tremorston |       |       |       |       |       |       |       |       |     1 ||     1
  Use: Scroll            |     4 |     4 |    15 |     7 |    12 |    10 |     7 |    17 |    23 ||    99
       Potion            |       |     2 |       |     4 |     6 |     9 |     5 |    17 |    14 ||    57
 Stab: Sleeping          |    26 |    31 |    33 |    26 |    66 |    74 |   138 |   107 |   112 ||   613
       Invisible         |       |     1 |       |     2 |     9 |   118 |    65 |    62 |    74 ||   331
       Held in net/web   |       |       |       |     2 |       |     1 |       |       |       ||     3
       Distracted        |       |       |       |     4 |     7 |    12 |    12 |    19 |    12 ||    66
       Confused          |       |       |       |       |     2 |       |    48 |    16 |       ||    66
       Petrified         |       |       |       |       |       |       |     4 |     4 |     1 ||     9
       Petrifying        |       |       |       |       |       |       |     4 |    11 |       ||    15
Armor: Robe              |     1 |       |       |       |       |       |       |       |       ||     1
       Shadow dragon sca |    14 |    43 |    34 |       |       |       |       |       |       ||    91
       Ring mail         |       |       |     9 |    54 |       |       |       |       |       ||    63
       Leather armour    |       |       |       |    41 |   105 |   187 |    60 |   209 |   176 ||   778
Dodge: Dodged            |    18 |    43 |    74 |   378 |   676 |  1339 |   369 |  1021 |   756 ||  4674
Block: Other             |       |       |       |       |       |       |       |       |     3 ||     3
